 Dungeon Crawl Stone Soup version 0.26-b1-32-g5d43845318 (webtiles) character file.

Game seed: 18258243237873531728

151508 MajorAdolf the Fighter (level 17, -1/153 (162) HPs)
             Began as a Naga Wanderer on Jan 10, 2021.
             Was an Initiate of Gozag.
             Shot with an arrow by a deep elf master archer (29 damage)
             ... on level 3 of the Elven Halls.
             The game lasted 01:09:58 (32568 turns).

MajorAdolf the Fighter (Naga Wanderer)             Turns: 32568, Time: 01:09:59

HP:   -1/153 (162)  AC: 29    Str: 31    XL:     17   Next: 56%
MP:   20/20         EV: 17    Int:  5    God:    Gozag
Gold: 2992          SH: 15    Dex: 21    Spells: 20/20 levels left

rFire    + . .     SeeInvis +   O - +8 broad axe (spect)
rCold    + + .     Faith    .   B - +1 kite shield
rNeg     . . .     Spirit   .   Y - +5 scale mail "Divys" {Regen+ Dex+4}
rPois    +         Reflect  .   M - +2 helmet of Vizeh {rC++ Regen+ Int-5 Dex+3}
rElec    .         Harm     .   t - +0 cloak of Byzaxtorr {Will++ rCorr Str+4 Int-5}
rCorr    +         Rampage  .   E - +2 pair of gloves {Dex+3}
Will     ++++.                  (no barding)
Stlth    +.........             i - amulet of regeneration
HPRegen  1.55/turn              j - +6 ring of strength
MPRegen  0.17/turn              T - +4 ring of protection

@: about to teleport, gold aura, drained, very slow
A: large, stinger 1, see invisible, clever 1, deformed body, fire resistance 1,
poison resistance, slowness 2, spit poison 1, constrict 1, AC +5
a: Spit Poison, Renounce Religion, Potion Petition, Call Merchant, Bribe Branch


You were on level 3 of the Elven Halls.
You worshipped Gozag.
Gozag was most pleased with you.
You visited 6 branches of the dungeon, and saw 28 of its levels.
You also visited: Sewer and Ice Cave.

You collected 12730 gold pieces.
You spent 5590 gold pieces at shops.
You paid 4148 gold pieces to Gozag.

Inventory:

Hand Weapons
 O - a +8 spectral broad axe (weapon)
Armour
 t - the +0 cloak of Byzaxtorr (worn) {Will++ rCorr Str+4 Int-5}
   (You bought it in a shop on level 5 of the Lair of Beasts)

   It affects your strength (+4).
   It affects your intelligence (-5).
   It affects your willpower, your defense against some magical effects.
   It provides partial protection from all sources of acid and corrosion.
 B - a +1 kite shield (worn)
 E - a +2 pair of gloves of dexterity (worn)
 M - the +2 helmet of Vizeh (worn) {rC++ Regen+ Int-5 Dex+3}
   (You bought it in a shop on level 9 of the Dungeon)

   It affects your intelligence (-5).
   It affects your dexterity (+3).
   It greatly protects you from cold.
   It increases your rate of regeneration.
 Y - the +5 scale mail "Divys" (worn) {Regen+ Dex+4}
   (You bought it in a shop on level 5 of the Lair of Beasts)

   It affects your dexterity (+4).
   It increases your rate of regeneration.
Jewellery
 i - an amulet of regeneration (around neck)
 j - a +6 ring of strength (left hand)
 p - a +4 ring of evasion
 u - an uncursed ring of flight
 v - an uncursed amulet of guardian spirit
 J - a +6 ring of intelligence
 P - an uncursed amulet of the acrobat
 T - a +4 ring of protection (right hand)
 Z - an uncursed ring of protection from cold
Wands
 k - a wand of paralysis (42)
 o - a wand of iceblast (44)
 x - a wand of digging (20)
 y - a wand of enslavement (11)
 D - a wand of random effects (26)
 K - a wand of acid (26)
 R - a wand of flame (74)
Scrolls
 c - 10 scrolls of teleportation
 d - 2 scrolls of enchant armour
 s - 6 scrolls of magic mapping
 w - 11 scrolls of identify
 A - a scroll of enchant weapon
 C - 4 scrolls of amnesia
 F - 3 scrolls of immolation
 G - 3 scrolls of fear
 H - a scroll of fog
 I - a scroll of blinking
 L - 8 scrolls of remove curse
 U - a scroll of brand weapon
Potions
 a - 6 potions of flight
 b - 5 potions of berserk rage
 f - 6 potions of heal wounds
 g - 13 potions of curing
 h - 4 potions of magic
 l - 6 potions of mutation
 m - 7 potions of haste
 n - 2 potions of invisibility
 q - 5 potions of might
 r - 3 potions of resistance
 z - 9 potions of lignification
 N - 4 potions of brilliance
 X - 2 potions of ambrosia
Miscellaneous
 e - a lightning rod (4/4)
 V - a box of beasts
 W - a phantom mirror


   Skills:
 + Level 12.9 Fighting
 + Level 12.8 Axes
 + Level 11.0 Armour
 + Level 11.2 Dodging
 - Level 3.0 Stealth
 + Level 10.7 Shields
 - Level 2.0 Spellcasting
 - Level 1.0 Conjurations
 - Level 2.6 Poison Magic
 + Level 12.8 Evocations


You had 20 spell levels left.
You didn't know any spells.
Your spell library contained the following spells:

 Spells                   Type           Power        Failure   Level
 Sting                    Tmut/Pois      4%           41%         1
 Magic Dart               Conj           4%           45%         1
 Foxfire                  Conj/Fire      4%           52%         1
 Animate Skeleton         Necr           0%           58%         1
 Apportation              Tloc           0%           58%         1
 Corona                   Hex            0%           58%         1
 Freeze                   Ice            0%           58%         1
 Sandblast                Erth           0%           58%         1
 Summon Small Mammal      Summ           0%           58%         1
 Blink                    Tloc           N/A          75%         2
 Call Imp                 Summ           0%           75%         2
 Ensorcelled Hibernation  Hex/Ice        0%           75%         2
 Passwall                 Tmut/Erth      0%           75%         2
 Slow                     Hex            0%           75%         2
 Mephitic Cloud           Conj/Pois/Air  1%           80%         3
 Conjure Flame            Conj/Fire      1%           88%         3
 Dazzling Flash           Conj/Hex       2%           88%         3
 Stone Arrow              Conj/Erth      2%           88%         3
 Call Canine Familiar     Summ           0%           92%         3
 Confusing Touch          Hex            0%           92%         3
 Frozen Ramparts          Ice            0%           92%         3
 Inner Flame              Hex/Fire       0%           92%         3
 Ozocubu's Armour         Ice            0%           92%         3
 Summon Guardian Golem    Hex/Summ       0%           92%         3
 Tukima's Dance           Hex            0%           92%         3
 Hailstorm                Conj/Ice       1%           99%         4
 Sticky Flame             Conj/Fire      1%           99%         4
 Cause Fear               Hex            0%           100%        4
 Leda's Liquefaction      Hex/Erth       0%           100%        4
 Petrify                  Tmut/Erth      0%           100%        4
 Summon Ice Beast         Ice/Summ       0%           100%        4
 Summon Lightning Spire   Summ/Air       0%           100%        4
 Fireball                 Conj/Fire      0%           100%        5
 Irradiate                Conj/Tmut      0%           100%        5
 Lee's Rapid Deconstruct  Erth           0%           100%        5
 Silence                  Hex/Air        0%           100%        5
 Summon Forest            Summ/Tloc      0%           100%        5
 Summon Mana Viper        Hex/Summ       0%           100%        5
 Yara's Violent Unravell  Hex/Tmut       0%           100%        5
 Hydra Form               Tmut           0%           100%        6
 Statue Form              Tmut/Erth      0%           100%        6
 Dragon Form              Tmut           0%           100%        7
 Discord                  Hex            0%           100%        8


Dungeon Overview and Level Annotations

Branches:
Dungeon (15/15)            Temple (1/1) D:5            Lair (6/6) D:10
 Shoals (0/4) Lair:2        Snake (1/4) Lair:2        Slime (0/5) Lair:6
    Orc (2/2) D:10            Elf (3/3) Orc:2        Vaults (0/5) D:14
 Depths (0/5) D:15          Sewer (visited)           IceCv (visited)

Altars:
Ashenzari
Cheibriados
Dithmenos
Elyvilon
Fedhas
Gozag
Hepliaklqana
Kikubaaqudgha
Makhleb
Nemelex Xobeh
Okawaru
Qazlal
Ru
Sif Muna
Trog
Uskayaw
Vehumet
Wu Jian
Xom
Yredelemnul
Zin
The Shining One
Beogh
Jiyva

Shops:
D:5 *   D:6 !   D:9 [   D:10 ?   D:11 *   Orc:1 }   Orc:2 [}(}   Elf:1 [!
Elf:2 [   Elf:3 *(   Lair:5 ?[

Portals:
Trove: Elf:1 (give 15 scrolls of teleportation)

Annotations:
D:10 3 runed translucent doors, Vatovie's ghost, journeyman GrFi
Lair:1 3 runed translucent doors, MTVSty1e's ghost, journeyman MiMo
Elf:1 6 runed translucent doors
Elf:2 3 runed translucent doors


Innate Abilities, Weirdness & Mutations

You cannot wear boots.
Your serpentine skin is tough. (AC +5)
You have supernaturally acute eyesight. (SInv)
Armour fits poorly on your strangely shaped body.
Your system is resistant to poisons. (rPois)
You cover ground very slowly.
You can spit poison.
You can use your snake-like lower body to constrict enemies.
Your tail ends in a poisonous barb.
Your mind is acute. (Int +2)
Your flesh is heat resistant. (rF+)


Message History

* * * LOW HITPOINT WARNING * * *
The arrow burns you.
* * * LOW HITPOINT WARNING * * *
The deep elf sorcerer gestures wildly while chanting.
The deep elf sorcerer seems to speed up.
You block the +2 vampiric scimitar's attack.
The deep elf master archer shoots an arrow.
The arrow hits you!
* * * LOW HITPOINT WARNING * * *
The arrow burns you.
* * * LOW HITPOINT WARNING * * *
You feel much better.
The teleport trap disappears.
The deep elf sorcerer disappears!
The +2 vampiric scimitar barely misses you.
Your spectral weapon shares its damage with you!
* * * LOW HITPOINT WARNING * * *
The deep elf master archer shoots an arrow.
The arrow hits you!!
You die...
Your body crumbles into a pile of gold.

$ $ $ $ $
####### $
##....... $ $
###.......e $
$ #..........
#..@.e.....
#...(.......
#.......###..
#......##
#.....##
#.....#$$ $
#....ยง#
#......


You could see a deep elf master archer, a deep elf high priest (brilliance aura)
and a +2 vampiric scimitar.

Vanquished Creatures
  Kirke (Elf:1)
  3 deep elf sorcerers (Elf:3)
  A deep elf elementalist (Elf:3)
  An ironheart preserver (D:14)
  Azrael (D:13)
  4 deep elf annihilators (Elf:3)
  5 deep elf demonologists
  3 deep elf death magi
  Josephine (D:11)
  Snorg (D:13)
  2 fire dragons
  An ogre mage (D:15)
  2 ice dragons
  3 boulder beetles
  2 deep elf high priests (Elf:3)
  8 hydras
  2 catoblepae
  A centaur warrior (D:14)
  6 two-headed ogres
  A death knight (D:14)
  Erica (D:10)
  4 orc high priests
  3 death yaks (Lair:4)
  Sonja (D:13)
  14 deep elf knights
  An unseen horror (D:12)
  A swamp dragon (Lair:6)
  11 deep elf archers
  5 orc knights
  39 deep elf magi
  8 ugly things
  3 orc sorcerers (Orc:2)
  2 manticores
  A manticore (shapeshifter) (D:13)
  5 oklob plants (Lair:4)
  3 cyclopes
  13 elephants
  3 centaur zombies
  3 black mambas
  2 ice statues (IceCv)
  10 cane toads
  3 gargoyles
  A torpor snail (Lair:6)
  2 kobold demonologists
  Maggie (D:10)
  7 rime drakes
  An efreet (D:13)
  5 yaktaurs (D:15)
  6 komodo dragons
  11 trolls
  3 meliai (D:15)
  11 polar bears
  2 raiju (Lair:6)
  A hornet (D:12)
  A meliai zombie (D:10)
  20 blink frogs
  14 dream sheep
  A raiju (shapeshifter) (Elf:3)
  6 air elementals
  A shadow (D:14)
  2 water elementals
  A vampire (D:9)
  8 wraiths
  52 yaks
  4 fire bats
  7 wyverns
  7 vampire mosquitoes
  5 fire elementals
  3 hogs (Elf:1)
  6 basilisks
  3 steam dragons
  5 wargs
  Menkaure (D:7)
  16 water moccasins
  18 hell hounds
  3 acid dragons
  An eye of draining (D:14)
  A swamp drake (Lair:6)
  9 ice beasts
  24 orc warriors
  2 phantoms
  3 sky beasts
  13 black bears
  A necrophage (D:11)
  28 wolves
  12 ogres
  A boggart (D:14)
  13 centaurs
  17 bullfrogs
  2 big kobolds
  A gnoll sergeant (D:7)
  2 earth elementals (Elf:1)
  2 wyvern skeletons
  5 scorpions
  An electric eel (Elf:3)
  A howler monkey (D:10)
  7 wights
  2 lava snakes (D:9)
  3 quasits
  4 hounds
  4 jellies
  16 orc priests
  34 orc wizards
  A bullfrog skeleton (D:9)
  3 centaur skeletons
  14 iguanas
  3 worker ants
  A worker ant zombie (D:11)
  A howler monkey skeleton (D:8)
  17 gnolls
  9 adders
  A river rat (Sewer)
  2 shadow imps
  14 white imps
  An ooze (D:3)
  An adder zombie (D:7)
  An adder skeleton (D:5)
  4 worms
  5 dart slugs
  9 leopard geckos
  79 orcs
  2 ball pythons (D:3)
  5 bats
  13 giant cockroaches
  7 goblins
  11 hobgoblins
  15 jackals
  18 kobolds
  2 quokkas
  4 frilled lizards
  A jackal skeleton (D:6)
  3 leopard gecko skeletons
  12 rats
  2 fire vortices (D:9)
890 creatures vanquished.

Vanquished Creatures (collateral kills)
  An ugly thing (IceCv)
1 creature vanquished.

Vanquished Creatures (others)
  14 dancing weapons
  A deep elf knight (Elf:3)
  A deep elf archer (Elf:1)
  A deep elf mage (Elf:1)
  A water elemental (Elf:1)
  A fire elemental (Elf:1)
  A human (Elf:1)
  A hell hound (D:13)
  An orc warrior (Elf:1)
  2 earth elementals
  2 orc priests (Elf:1)
  An orc wizard (Elf:1)
  4 orcs
  2 bushes (D:10)
  A fire vortex (D:9)
  43 fungi
  102 plants
179 creatures vanquished.

Grand Total: 1070 creatures vanquished

Notes
Turn   | Place    | Note
-------+----------+-------------------------------------------
     0 | D:1      | MajorAdolf the Naga Wanderer began the quest for the Orb.
     0 | D:1      | MajorAdolf set off with the following items: a +0 club, a
                  | scroll of teleportation, a +0 robe, a lightning rod (4/4),
                  | a +0 dagger; and the following spell memorised: Sting; and
                  | the following spells available to memorise: Mephitic Cloud
     0 | D:1      | Reached XP level 1. HP: 15/15 MP: 3/3
   357 | D:1      | Reached XP level 2. HP: 12/24 MP: 5/5
  1022 | D:1      | Reached skill level 1 in Fighting
  1988 | D:1      | Reached skill level 1 in Armour
  1988 | D:1      | Reached XP level 3. HP: 23/31 MP: 6/6
  2690 | D:2      | Reached XP level 4. HP: 36/38 MP: 7/7
  3034 | D:2      | Found an opulent altar of Gozag.
  4115 | D:3      | Reached skill level 1 in Axes
  4179 | D:3      | Found a hide-covered altar of Uskayaw.
  4316 | D:3      | Reached XP level 5. HP: 45/45 MP: 8/8
  5522 | D:4      | Reached XP level 6. HP: 48/55 MP: 9/9
  5723 | D:5      | Entered Level 5 of the Dungeon
  5723 | D:5      | Found a staircase to the Ecumenical Temple.
  5729 | Temple   | Entered the Ecumenical Temple
  5972 | D:2      | Became a worshipper of Gozag Ym Sagoz the Greedy
  6003 | D:5      | Found Hutzocsu's General Store.
  6045 | D:5      | Bought a potion of lignification for 36 gold pieces
  6045 | D:5      | Bought a potion of lignification for 36 gold pieces
  6045 | D:5      | Bought a wand of polymorph (5) for 84 gold pieces
  6055 | D:5      | Found a faded altar of an unknown god.
  6055 | D:5      | Found a basalt altar of Yredelemnul.
  6060 | D:5      | Found a sacrificial altar of Ru.
  6062 | D:5      | Found a blossoming altar of Fedhas.
  6064 | D:5      | Found a faded altar of an unknown god.
  6296 | D:5      | Found a sparkling altar of Nemelex Xobeh.
  6314 | D:5      | Reached XP level 7. HP: 36/62 MP: 10/10
  6768 | D:6      | Found a glowing drain.
  6794 | Sewer    | Entered a sewer
  7033 | Sewer    | Found a glowing silver altar of Zin.
  7154 | D:6      | Found a white marble altar of Elyvilon.
  7276 | D:6      | Reached skill level 1 in Shields
  7343 | D:7      | Found a shadowy altar of Dithmenos.
  7414 | D:6      | Reached XP level 8. HP: 46/66 MP: 11/11
  7683 | D:6      | Found Uhuoqeru's Distillery.
  7691 | D:6      | Bought a potion of might for 52 gold pieces
  7691 | D:6      | Bought a potion of resistance for 130 gold pieces
  8135 | D:7      | Noticed Menkaure
  8160 | D:7      | Killed Menkaure
  8901 | D:7      | Found a stormy altar of Qazlal.
  8984 | D:7      | Reached XP level 9. HP: 69/79 MP: 12/12
  9986 | D:8      | Reached skill level 5 in Fighting
 10042 | D:8      | Got a jewelled ring mail
 10054 | D:8      | Identified the +0 ring mail of Zorejil {Rampage rC+ Regen+}
                  | (You found it on level 8 of the Dungeon)
 10618 | D:8      | Reached skill level 5 in Evocations
 11053 | D:9      | Noticed a troll
 11058 | D:9      | Killed a troll
 11059 | D:9      | Reached skill level 5 in Axes
 11283 | D:9      | Found a shimmering blue altar of Sif Muna.
 11334 | D:9      | Identified Sif Muna's Catalogue of Torrid Attacks
 11655 | D:9      | Reached skill level 5 in Dodging
 11686 | D:9      | Reached XP level 10. HP: 83/91 MP: 13/13
 12490 | D:9      | Reached skill level 5 in Armour
 12642 | D:9      | Bought a spiked helmet for 285 gold pieces
 12647 | D:9      | Identified the +2 helmet of Vizeh {rC++ Regen+ Int-5 Dex+3}
                  | (You bought it in a shop on level 9 of the Dungeon)
 12666 | D:10     | Entered Level 10 of the Dungeon
 12731 | D:10     | Noticed Erica
 12747 | D:10     | Killed Erica
 12776 | D:10     | Noticed Maggie
 12797 | D:10     | Killed Maggie
 12899 | D:10     | Reached XP level 11. HP: 74/99 MP: 14/14
 12925 | D:10     | Reached skill level 5 in Shields
 13346 | D:10     | Found Ycairiad's Magic Scroll Emporium.
 13511 | D:10     | Found a staircase to the Lair.
 13659 | D:10     | Found a runed translucent gate.
 13684 | D:10     | Found a runed translucent gate.
 13686 | D:10     | Found a runed translucent gate.
 13688 | D:10     | Noticed Vatovie's ghost (journeyman GrFi)
 13974 | D:10     | Found a staircase to the Orcish Mines.
 14175 | D:11     | Noticed Josephine
 14194 | D:11     | Killed Josephine
 14281 | D:11     | Found Naetorghu's General Store.
 14306 | D:11     | Bought a potion of mutation for 112 gold pieces
 14306 | D:11     | Gained mutation: Your mind is acute. (Int +2) [potion of
                  | mutation]
 14306 | D:11     | Gained mutation: Your flesh is heat resistant. (rF+)
                  | [potion of mutation]
 14306 | D:11     | Gained mutation: Your tail ends in a poisonous barb.
                  | [potion of mutation]
 14400 | D:11     | Noticed a cyclops
 14407 | D:11     | Killed a cyclops
 14441 | D:11     | Noticed a cyclops
 14740 | D:11     | Noticed a brown ugly thing
 14751 | D:11     | Killed a brown ugly thing
 15014 | D:11     | Noticed a manticore
 15022 | D:11     | Killed a manticore
 15023 | D:11     | Reached XP level 12. HP: 42/110 MP: 15/15
 15607 | D:10     | Bought a scroll of acquirement for 884 gold pieces
 15607 | D:10     | Acquired 935 gold pieces
 15674 | D:9      | Bought a pair of runed gloves for 225 gold pieces
 15988 | Lair:1   | Entered Level 1 of the Lair of Beasts
 16021 | Lair:1   | Noticed a seven-headed hydra
 16028 | Lair:1   | Killed a seven-headed hydra
 16239 | Lair:1   | Found a runed translucent gate.
 16239 | Lair:1   | Found a runed translucent gate.
 16239 | Lair:1   | Found a runed translucent gate.
 16240 | Lair:1   | Noticed MTVSty1e's ghost (journeyman MiMo)
 16340 | Lair:1   | Noticed a five-headed hydra
 16343 | Lair:1   | Killed a five-headed hydra
 16848 | Lair:2   | Found a staircase to the Snake Pit.
 16862 | Lair:2   | Found a staircase to the Shoals.
 16986 | Lair:2   | Noticed a seven-headed hydra
 16990 | Lair:2   | Killed a seven-headed hydra
 17634 | Snake:1  | Entered Level 1 of the Snake Pit
 17634 | Snake:1  | Noticed a naga sharpshooter
 17969 | Lair:3   | Found a basalt altar of Yredelemnul.
 17990 | Lair:3   | Gained mutation: You can use your snake-like lower body to
                  | constrict enemies. [Naga growth]
 17990 | Lair:3   | Reached XP level 13. HP: 113/121 MP: 16/16
 19438 | Lair:4   | HP: 4/122 [elephant (8)]
 20475 | Lair:5   | Found a frozen archway.
 20491 | IceCv    | Entered an ice cave
 20493 | IceCv    | Found a transporter.
 20499 | IceCv    | Reached skill level 10 in Fighting
 20641 | IceCv    | Found a transporter.
 20868 | Lair:5   | Reached XP level 14. HP: 132/132 MP: 17/17
 20886 | Lair:5   | Reached skill level 10 in Evocations
 20988 | Lair:5   | Reached skill level 10 in Axes
 21528 | Lair:5   | Bought a scorched cloak for 285 gold pieces
 21528 | Lair:5   | Bought a warped cloak for 285 gold pieces
 21528 | Lair:5   | Bought an encrusted scale mail for 270 gold pieces
 21544 | Lair:5   | Identified the cursed +0 cloak of Byzaxtorr {Will++ rCorr
                  | Str+4 Int-5} (You bought it in a shop on level 5 of the
                  | Lair of Beasts)
 21561 | Lair:5   | Identified the +5 scale mail "Divys" {Regen+ Dex+4} (You
                  | bought it in a shop on level 5 of the Lair of Beasts)
 21597 | Lair:5   | Identified the +2 cloak "Ribexix" {-Cast Regen+ Dex+3} (You
                  | bought it in a shop on level 5 of the Lair of Beasts)
 21630 | Lair:6   | Entered Level 6 of the Lair of Beasts
 21675 | Lair:6   | Found a viscous altar of Jiyva.
 21675 | Lair:6   | Found a staircase to the Slime Pits.
 22249 | Lair:6   | Got a scorched ring mail
 23396 | Orc:1    | Entered Level 1 of the Orcish Mines
 23403 | Orc:1    | Reached XP level 15. HP: 129/140 MP: 18/18
 23527 | Orc:1    | Bought a wand of iceblast (11) for 285 gold pieces
 23527 | Orc:1    | Bought a wand of paralysis (10) for 228 gold pieces
 23527 | Orc:1    | Bought a wand of flame (15) for 161 gold pieces
 24045 | Orc:2    | Entered Level 2 of the Orcish Mines
 24204 | Orc:2    | Found a roughly hewn altar of Beogh.
 24272 | Orc:2    | Found a staircase to the Elven Halls.
 24531 | Orc:2    | Found Kumij's Gadget Shop.
 24531 | Orc:2    | Found Bam Duyh's Antique Weapon Emporium.
 24561 | Orc:2    | Found Vezipsor's Gadget Shop.
 24561 | Orc:2    | Found Kovu's Armour Emporium.
 24567 | Orc:2    | Bought a wand of iceblast (3) for 98 gold pieces
 24567 | Orc:2    | Bought a wand of iceblast (10) for 196 gold pieces
 24567 | Orc:2    | Bought a wand of acid (6) for 280 gold pieces
 24567 | Orc:2    | Bought a wand of flame (21) for 161 gold pieces
 24569 | Orc:2    | Bought a wand of iceblast (9) for 169 gold pieces
 24569 | Orc:2    | Bought a wand of acid (7) for 286 gold pieces
 24569 | Orc:2    | Bought a wand of iceblast (7) for 143 gold pieces
 24569 | Orc:2    | Bought a wand of iceblast (13) for 221 gold pieces
 24569 | Orc:2    | Bought a wand of paralysis (4) for 78 gold pieces
 25610 | D:12     | Found an iron altar of Okawaru.
 25899 | D:13     | Noticed Azrael
 25906 | D:13     | Killed Azrael
 25908 | D:13     | Noticed Snorg
 25917 | D:13     | Killed Snorg
 26087 | D:13     | Noticed Sonja
 26093 | D:13     | Killed Sonja
 26737 | D:14     | Found a gate to the Vaults.
 26753 | D:14     | Reached skill level 10 in Dodging
 27295 | D:15     | Entered Level 15 of the Dungeon
 27448 | D:15     | Reached skill level 10 in Armour
 27461 | D:15     | Reached XP level 16. HP: 121/152 MP: 19/19
 27494 | D:15     | Identified Sif Muna's Catalogue of Captivating
                  | Translocation
 28322 | D:15     | Found a staircase to the Depths.
 28723 | Elf:1    | Entered Level 1 of the Elven Halls
 28800 | Elf:1    | Bought a potion of berserk rage for 75 gold pieces
 28800 | Elf:1    | Bought a potion of berserk rage for 75 gold pieces
 28800 | Elf:1    | Bought a potion of lignification for 45 gold pieces
 28800 | Elf:1    | Bought a potion of lignification for 45 gold pieces
 28800 | Elf:1    | Bought a potion of might for 60 gold pieces
 28800 | Elf:1    | Bought a potion of curing for 45 gold pieces
 28800 | Elf:1    | Bought a potion of might for 60 gold pieces
 28800 | Elf:1    | Bought a potion of curing for 45 gold pieces
 28800 | Elf:1    | Bought 2 potions of berserk rage for 150 gold pieces
 29413 | Elf:1    | Found Rimnuf's Antique Armour Emporium.
 29424 | Elf:1    | Reached skill level 10 in Shields
 29458 | Elf:1    | Found a portal to a secret trove of treasure.
 29458 | Elf:1    | Noticed Kirke
 29471 | Elf:1    | Killed Kirke
 29770 | Elf:1    | Noticed an Ice Fiend
 29771 | Elf:1    | Noticed a Hell Sentinel
 29910 | Elf:1    | Found a runed translucent gate.
 29910 | Elf:1    | Found a runed translucent gate.
 29910 | Elf:1    | Found a runed translucent gate.
 29910 | Elf:1    | Found a runed translucent gate.
 29910 | Elf:1    | Found a runed translucent gate.
 29912 | Elf:1    | Found a runed translucent gate.
 29914 | Elf:1    | Noticed a shadow dragon
 30451 | Elf:2    | Found Exap's Armour Shop.
 30599 | Elf:2    | Found a runed translucent gate.
 30599 | Elf:2    | Found a runed translucent gate.
 30600 | Elf:2    | Found a runed translucent gate.
 30678 | Elf:2    | Reached XP level 17. HP: 160/162 MP: 20/20
 31023 | Elf:2    | Identified the +4 ring mail "Boethracel" {rPois Will++
                  | Int-4 SInv} (You found it on level 6 of the Lair of Beasts)
 31338 | Elf:3    | Entered Level 3 of the Elven Halls
 31520 | Elf:3    | Found Zekhloeh's Antique Weapon Emporium.
 31865 | Elf:3    | Noticed a deep elf blademaster
 31868 | Elf:3    | Noticed a deep elf blademaster
 32107 | Elf:3    | Found Forphuasm's General Store.
 32562 | Elf:3    | Noticed a deep elf master archer
 32566 | Elf:3    | Noticed a deep elf master archer
 32567 | Elf:3    | HP: 6/153 [deep elf master archer/arrow (14)]
 32568 | Elf:3    | Shot with an arrow by a deep elf master archer

Illustrated notes

Levels and vault maps discovered:
D:1:      minmay_arrival_wavy_path, layout_basic
D:2:      layout_basic, general_overflow_altar, serial_corexii_hall,
          corexii_hall_statues_i, corexii_hall_statues_i, minmay_heptomino_h4
D:3:      layout_basic, nicolae_overflow_crystal_walls
D:4:      minmay_wonky_spiral, layout_basic, minmay_vboxes
D:5:      layout_rooms, lemuel_crystal_altar,
          chequers_temple_overflow_minitemple, minmay_temple_entry_overgrown,
          serial_shops, shop
D:6:      layout_basic, elyvilon_altar_4, serial_shops, shop_fountains,
          portal_sewer_entry_f
D:7:      layout_loops_cross, nicolae_overflow_hidden_temple,
          grunt_dithmenos_smoke, uniq_menkaure
D:8:      layout_basic
D:9:      layout_cave_pods, led_sif_book, hangedman_incinerator
D:10:     layout_grid_maze, minmay_lair_entry_grove, david_orc_4,
          ebering_ghost_rock_garden, serial_shops, nicolae_shop_crystal,
          uniq_maggie, uniq_erica
D:11:     minmay_general_purpose_star, layout_basic, serial_shops,
          nicolae_shop_trees, gauntlet_entry_generic, st_stairs_12,
          uniq_josephine
D:12:     dragon1_lemuel, layout_loops_ring, david_defended_altar_elf
D:13:     layout_rooms, uniq_sonja, uniq_snorg, uniq_azrael
D:14:     layout_roguey, skrybe_vaults_entry_preservation
D:15:     grunt_enter_depths_hoard, layout_basic, chequers_serial_rivers_micro_b
Temple:   nicolae_temple_x_marks_the_god
Lair:1:   layout_roguey, ebering_ghost_rock_garden
Lair:2:   layout_long_grid, elwin_shoals_entry_rocks,
          guppyfry_snake_entry_island, serial_bayou_shore_a
Lair:3:   layout_layer_cave, amcnicky_altar_gilded
Lair:4:   layout_hall_layers, infiniplex_staircase_pool,
          minmay_lair_oklob_chamber, grunt_megastairs_2, lemuel_fruit_tree,
          lemuel_fruit_fields
Lair:5:   layout_roguey, portal_ice_cave_entry_imps
Lair:6:   guppyfry_lair_end_dragon, layout_cave_pods,
          hangedman_lair_caniforms_friends, slime_altar_1,
          small_statue_intersection, minivault_26
Snake:1:  layout_onion_interference, serial_shops,
          nicolae_shop_competitors_out_of_business, minmay_shop_star
Orc:1:    minmay_goldmine, layout_diamond_mine
Orc:2:    grunt_orc_tribal_feast, layout_caves, basic_altar
Elf:1:    minmay_elf_arrival_circle, layout_loops_corners,
          nicolae_trove_entry_crossroad, serial_shops, nicolae_shop_statue_plus,
          orc_legates, uniq_kirke
Elf:2:    layout_onion_city, serial_shops, shop, dk_noncrumbling_3
Elf:3:    nooodl_elf_gasket, layout_geoelf_castle, serial_shops,
          nicolae_shop_trees, shop

Skill      XL: |  1  2  3  4  5  6  7  8  9 10 11 12 13 14 15 16 17 |
---------------+----------------------------------------------------+-----
Fighting       | 1 2 3 4 5 6 7 9 10 11 12 | 12.9
Dodging        | 2 3 4 5 6 7 8 9 10 11 | 11.2
Armour         | 1 2 3 4 5 6 7 8 9 10 11 | 11.0
Evocations     | 2 3 4 5 6 7 8 9 10 11 12 | 12.8
Axes           | 1 2 3 4 5 6 7 8 9 10 11 12 | 12.8
Shields        | 1 2 3 4 5 6 7 8 9 10 | 10.7
Stealth        | |  3.0
Spellcasting   | |  2.0
Conjurations   | |  1.0
Poison Magic   | |  2.6

Action                   |  1- 3 |  4- 6 |  7- 9 | 10-12 | 13-15 | 16-18 || total
-------------------------+-------+-------+-------+-------+-------+-------++-------
Melee: Club              |    22 |       |       |       |       |       ||    22
       Dagger            |    95 |       |       |       |       |       ||    95
       Hand axe          |    24 |   299 |   551 |   285 |       |       ||  1159
       War axe           |       |       |     1 |       |       |       ||     1
       Broad axe         |       |       |       |   264 |   745 |   396 ||  1405
       Tailslap          |       |       |       |    41 |   220 |   121 ||   382
       Constrict         |       |       |       |       |   222 |   103 ||   325
 Cast: Sting             |     1 |       |       |       |       |       ||     1
Invok: Call Merchant     |       |       |       |     1 |     3 |     1 ||     5
 Abil: Spit Poison       |     8 |     9 |     7 |     2 |       |     1 ||    27
       Evoke Flight      |       |     1 |     2 |       |       |       ||     3
Evoke: Lightning rod     |     1 |     1 |     6 |     7 |     4 |       ||    19
       Wand              |       |       |     7 |    10 |    71 |     5 ||    93
       Phantom mirror    |       |       |       |       |     1 |       ||     1
       Box of beasts     |       |       |       |       |     1 |       ||     1
  Use: Scroll            |       |    14 |     5 |    10 |    15 |     7 ||    51
       Potion            |       |       |     2 |     1 |     1 |     1 ||     5
 Stab: Sleeping          |     3 |       |       |       |     1 |       ||     4
       Distracted        |       |     1 |       |     4 |    18 |     7 ||    30
       Paralysed         |       |       |       |       |     3 |       ||     3
       Petrified         |       |       |       |       |     2 |       ||     2
       Confused          |       |       |       |       |     1 |       ||     1
Armor: Robe              |     8 |       |       |       |       |       ||     8
       Chain mail        |    41 |    33 |       |       |       |       ||    74
       Plate armour      |       |   223 |   291 |   331 |   144 |       ||   989
       Skin              |       |       |    32 |       |       |       ||    32
       Scale mail        |       |       |       |       |   165 |   114 ||   279
Dodge: Dodged            |    55 |    97 |   137 |   154 |   338 |   159 ||   940
Block: Kite shield       |       |       |   286 |   319 |   505 |   262 ||  1372
